 Dungeon Crawl Stone Soup version 0.27-a0-676-gc1da3516c2 (webtiles) character file.

Game seed: 14659521772491715296

23 Dreamer the Shield-Bearer (level 3, -3/29 HPs)
             Began as a Formicid Fighter on Mar 18, 2021.
             Slain by Sigmund
             ... wielding a +0 scythe
              (9 damage)
             ... on level 2 of the Dungeon.
             The game lasted 00:02:20 (911 turns).

Dreamer the Shield-Bearer (Formicid Fighter)         Turns: 911, Time: 00:02:20

Health: -3/29      AC:  6    Str: 21    XL:     3   Next: 12%
Magic:  3/3        EV:  8    Int:  7    God:
Gold:   48         SH:  9    Dex: 10    Spells: 2/2 levels left

rFire    . . .     SeeInvis +   g - +1 whip (vamp)
rCold    . . .     Faith    .   c - +0 kite shield
rNeg     . . .     Spirit   .   b - +0 scale mail
rPois    .         Reflect  .   (helmet unavailable)
rElec    .         Harm     .   (no cloak)
rCorr    .         Rampage  .   (no gloves)
Will     .....                  (no boots)
Stlth    ..........             (no amulet)
HPRegen  0.09/turn              (no ring)
MPRegen  0.08/turn              (no ring)

@: lethally poisoned (-3 -> -16)
A: permanent stasis, dig shafts and tunnels, antennae 3, four strong arms
a: Dig, Shaft Self


You were on level 2 of the Dungeon.
You visited 1 branch of the dungeon, and saw 2 of its levels.

You collected 48 gold pieces.

Inventory:

Hand Weapons
 a - a +0 flail
 g - a +1 vampiric whip (weapon)
Armour
 b - a +0 scale mail (worn)
 c - a +0 kite shield (worn)
Jewellery
 j - a ring of fire
Scrolls
 f - a scroll of summoning {unknown}
 h - a scroll of teleportation {unknown}
Potions
 d - a potion of might
 e - a potion of mutation {unknown}
 i - a potion of attraction {unknown}


   Skills:
 + Level 3.6 Fighting
 + Level 2.3 Maces & Flails
 + Level 3.6 Armour
 + Level 4.0 Shields


You had 2 spell levels left.
You didn't know any spells.
Your spell library contained the following spells:

 Spells                   Type           Power      Damage    Failure   Level
 Summon Small Mammal      Summ           0%         N/A       98%         1
 Call Imp                 Summ           0%         N/A       99%         2
 Call Canine Familiar     Summ           0%         N/A       100%        3
 Summon Guardian Golem    Hex/Summ       0%         N/A       100%        3
 Summon Ice Beast         Ice/Summ       0%         N/A       100%        4
 Summon Lightning Spire   Summ/Air       0%         N/A       100%        4


Dungeon Overview and Level Annotations

Branches:
Dungeon (2/15)

Altars:

Annotations:
D:2 Sigmund


Innate Abilities, Weirdness & Mutations

You cannot be hasted, slowed, berserked, paralysed or teleported.
You can dig through walls and to a lower floor.
You have a pair of large antennae on your head. (SInv)
Your four strong arms can wield two-handed weapons with a shield.


Message History

You sense a monster nearby.
A goblin comes into view.
The goblin shouts!
You hit the goblin.
You kill the goblin!
You open the door.
Sigmund the Dreaded comes into view.
He is wielding a +0 scythe.
Sigmund shouts!
An adder comes into view.
Sigmund points at you and mumbles some strange words.
You are confused.
You are too confused!
You are too confused!
You bump into the rock wall.
The adder hisses angrily.
Sigmund gestures at you while chanting. The puff of flame hits you!
You bump into the rock wall.
A rat comes into view.
Sigmund casts a spell at himself.
Sigmund flickers and vanishes for a moment.
You bump into the rock wall.
The adder bites you but does no damage.
You bump into the rock wall.
The adder bites you.
You are poisoned.
The adder poisons you!
You are too confused!
You bump into the rock wall.
You feel sick. The adder bites you. Sigmund closely misses you.
The adder bites you.
* * * LOW HITPOINT WARNING * * *
You are more poisoned.
The adder poisons you!
You're too confused to move!
You feel less confused.
* * * LOW HITPOINT WARNING * * *
You feel sick. The adder bites you.
* * * LOW HITPOINT WARNING * * *
You are more poisoned.
The adder poisons you!
Sigmund hits you from afar with a +0 scythe!
You die...

#.##.#.# #.##.#.###
#.##.#.... #
#.#....... #.
######.#......<
#.##......#.......
#####
#....#.......#####
.....@###..#.#######
.....rS@...#.#
......####.#+#####
..... #........ ....
#........ ...
#........ ##
#........ {
#.#+##### #.# #.#


You could see Sigmund (invisible), an adder and a rat.

Vanquished Creatures
  2 giant cockroaches (D:1)
  3 goblins
  4 hobgoblins (D:1)
  3 jackals (D:1)
  A kobold (D:1)
  2 quokkas (D:1)
  2 bats (D:1)
  A frilled lizard (D:1)
  A rat (D:1)
19 creatures vanquished.

Notes
Turn   | Place    | Note
-------+----------+-------------------------------------------
     0 | D:1      | Dreamer the Formicid Fighter began the quest for the Orb.
     0 | D:1      | Reached XP level 1. HP: 18/18 MP: 1/1
    69 | D:1      | Reached XP level 2. HP: 24/24 MP: 2/2
   706 | D:1      | Reached skill level 4 in Shields
   720 | D:1      | Reached XP level 3. HP: 29/29 MP: 3/3
   905 | D:2      | Noticed Sigmund
   911 | D:2      | Slain by Sigmund

Illustrated notes

Levels and vault maps discovered:
D:1:      psy_arrival_conway, layout_loops_corners
D:2:      layout_basic, serial_shops, nicolae_shop_crystal,
          chequers_ecumenical_altar_grove, st_stairs_11, uniq_terence,
          uniq_sigmund

Skill      XL: |  1  2 |
---------------+-------+-----
Shields        | 4 |  4.0
Fighting       | |  3.6
Maces & Flails | |  2.3
Armour         | |  3.6

Action                   || total
-------------------------++-------
Melee: Flail             ||    16
       Whip              ||    44
Armor: Scale mail        ||    22
Dodge: Dodged            ||    16
Block: Kite shield       ||    32

Table legend: (Time is in decaauts)
 A = Elapsed time spent in this place.
 B = Non-inter-level travel time spent in this place.
 C = Inter-level travel time spent in this place.
 D = Time resting spent in this place.
 E = Time spent auto-exploring this place.
 F = Levels seen in this place.
 G = Mean time per level.
                   A        B        C        D        E       F      G
               +--------+--------+--------+--------+--------+-----+--------+
         Total |    928 |    905 |     23 |      0 |    742 |   2 |  464.0 |
       Dungeon |    928 |    905 |     23 |      0 |    742 |   2 |  464.0 |
               +--------+--------+--------+--------+--------+-----+--------+

Top non-repeatable levels by time:
     D:1: 886 daAuts
     D:2: 42 daAuts
